Map: Odyssey LE

Players

Juxtapose - Winner!

  • Race: Protoss Protoss
  • League: Gold
  • Spawn Location: 5:00

Astrality

  • Race: Terran Terran
  • League: Gold
  • Spawn Location: 11:00

VOD

https://youtu.be/awJ7N_skLd4

Description

When I saw my opponent fully wall-in, I decided to go Robotics Bay first so I could get an Observer. Ironically, had I gone with my usual Stargate and Oracle opener I would have done so much damage as he had no defence for a long while.

Had I done that I might of had an easier victory, but I wouldn't have had this fun, more drawn out match featuring Battlecruisers!

Time

  • Played on: Aug. 22, 2017, 7:15 p.m.
  • Length: 14:55
Show
View Real Time Build Order
Export as new Build Order

Juxtapose Protoss - Winner!

Build Orders:  

Get SALT Encoding   

  12  0:01  Probe (Chrono Boost)  
  13  0:12  Probe (Chrono Boost)  
  14  0:22  Pylon  
  14  0:23  Probe (Chrono Boost)  
  15  0:40  Probe (Chrono Boost), Gateway  
  16  0:51  Probe (Chrono Boost)  
  16  0:56  Pylon  
  17  1:01  Assimilator  
  17  1:02  Probe (Chrono Boost)  
  18  1:11  Assimilator  
  18  1:12  Probe (Chrono Boost)  
  19  1:23  Probe (Chrono Boost)  
  20  1:33  Probe (Chrono Boost), Cybernetics Core  
  20  1:34  Zealot  
  23  1:49  Probe (Chrono Boost)  
  24  1:59  Probe (Chrono Boost)  
  27  2:03  Pylon  
  27  2:07  Pylon  
  27  2:15  Adept  
  27  2:16  Warp Gate (Chrono Boost)  
  29  2:30  Mothership Core (Chrono Boost)  
  29  2:42  Nexus  
  29  2:46  Pylon  
  29  2:58  Probe (Chrono Boost)  
  30  3:03  Pylon  
  30  3:07  Pylon  
  30  3:15  Gateway  
  30  3:43  Adept  
  32  3:49  Robotics Facility  
  32  3:53  Twilight Council  
  32  3:56  Pylon  
  32  4:08  Probe  
  32  4:09  Probe  
  34  4:18  Probe  
  34  4:21  Probe  
  36  4:25  Stalker x2  
  36  4:29  Probe  
  41  4:34  Probe  
  41  4:37  Pylon  
  43  4:38  Observer  
  43  4:41  Probe  
  44  4:46  Probe  
  44  4:48  Resonating Glaives (Chrono Boost)  
  44  4:51  Probe  
  45  4:54  Sentry  
  45  4:55  Sentry  
  50  5:01  Probe  
  50  5:02  Probe  
  52  5:13  Probe  
  53  5:20  Warp Prism  
  55  5:24  Probe  
  55  5:25  Adept  
  59  5:28  Probe  
  59  5:45  Probe  
  60  5:50  Assimilator  
  60  5:52  Assimilator  
  60  5:55  Forge  
  60  5:56  Immortal  
  64  6:03  Gateway  
  64  6:05  Gateway  
  64  6:07  Gateway  
  64  6:20  Adept, Stalker  
  67  6:36  Immortal  
  71  6:46  Probe  
  71  6:47  Probe  
  73  6:56  Probe  
  74  7:01  Protoss Ground Weapons Level 1  
  74  7:04  Adept x2  
  74  7:07  Probe  
  78  7:15  Immortal  
  83  7:17  Probe  
  83  7:22  Stargate  
  84  7:28  Probe  
  85  7:36  Stalker  
  85  7:37  Stalker x2  
  89  7:38  Stalker  
  89  7:39  Stalker  
  82  8:10  Stalker x4  
  82  8:11  Stalker  
  70  8:35  Stalker x2  
  70  8:36  Stalker x2  
  70  8:37  Stalker  
  78  8:48  Void Ray (Chrono Boost)  
  72  8:54  Stargate  
  64  9:00  Stalker x2  
  66  9:03  Stalker  
  68  9:12  Observer  
  68  9:15  Zealot x2  
  73  9:26  Void Ray (Chrono Boost)  
  77  9:42  Stalker x2  
  77  9:43  Stalker x2  
  77  9:44  Stalker  
  87  10:12  Pylon, Nexus  
  87  10:13  Pylon  
  85  10:16  Pylon  
  75  10:32  Warp Prism  
  75  10:34  Stalker x3  
  75  10:35  Stalker x2  
  79  10:40  Void Ray (Chrono Boost)  
  87  10:44  Void Ray (Chrono Boost)  
  76  11:06  Stalker  
  76  11:07  Stalker x2  
  76  11:08  Stalker x2  
  86  11:21  Void Ray (Chrono Boost)  
  94  11:30  Void Ray (Chrono Boost)  
  94  11:33  Stalker x2  
  98  11:42  Assimilator  
  98  11:47  Assimilator  
  98  11:54  Stalker x3  
  98  11:56  Stalker  
  106  12:07  Observer  
  111  12:28  Void Ray (Chrono Boost), Stalker x2  
  111  12:29  Stalker x2  
  119  12:45  Probe  
  120  12:53  Protoss Air Weapons Level 1  
  120  12:55  Immortal, Probe  
  120  12:57  Void Ray (Chrono Boost)  
  129  13:06  Probe  
  130  13:26  Stalker x2  
  130  13:27  Stalker x2  
  136  13:28  Stalker  
  132  13:52  Stalker x2  
  132  13:53  Stalker x3  
  136  14:04  Mothership Core  
  133  14:16  Stalker  
  133  14:17  Stalker x3  
  123  14:18  Stalker  
  128  14:24  Probe  
  129  14:34  Probe  
Show
View Real Time Build Order
Export as new Build Order

Astrality Terran 

Build Orders:  

Get SALT Encoding   

  12  0:04  SCV  
  13  0:16  SCV  
  14  0:28  SCV  
  15  0:36  Supply Depot  
  15  0:46  Supply Depot  
  15  0:57  SCV  
  15  0:59  Supply Depot  
  16  1:05  Refinery  
  17  1:11  SCV  
  17  1:14  Refinery  
  17  1:24  Barracks  
  17  1:27  SCV  
  19  1:40  SCV  
  19  1:52  SCV  
  20  2:06  Command Center  
  20  2:10  SCV  
  21  2:17  Factory  
  21  2:21  Barracks Tech Lab  
  21  2:28  SCV  
  22  2:40  Orbital Command  
  22  3:06  Starport  
  22  3:08  Factory Reactor  
  22  3:11  SCV  
  23  3:24  Orbital Command  
  23  3:30  SCV  
  24  3:43  Orbital Command  
  24  3:47  Widow Mine x2  
  28  3:49  Fusion Core  
  28  4:04  Armory  
  28  4:09  SCV x2  
  30  4:14  Refinery  
  30  4:21  SCV x2  
  32  4:33  SCV x2  
  34  4:39  Battlecruiser  
  40  4:52  Armory  
  40  4:57  SCV x2  
  42  5:00  Marine  
  42  5:06  Widow Mine x2  
  45  5:14  Terran Ship Weapons Level 1  
  47  5:17  SCV x2  
  49  5:22  Refinery  
  49  5:27  Command Center, Marine  
  50  5:36  Weapon Refit  
  50  5:44  Marine  
  51  5:53  Widow Mine  
  51  5:55  Supply Depot  
  53  6:02  Marine  
  54  6:12  Supply Depot  
  54  6:13  Supply Depot  
  54  6:16  Widow Mine, Battlecruiser, Supply Depot  
  58  6:54  Orbital Command  
  58  6:55  SCV x2  
  60  7:02  Starport  
  60  7:08  SCV x2  
  62  7:23  Orbital Command  
  62  7:26  Battlecruiser  
  68  7:39  Starport Tech Lab  
  68  7:42  Cyclone x2  
  58  8:15  Battlecruiser  
  47  8:31  Battlecruiser  
  53  8:44  SCV  
  49  8:59  Widow Mine  
  49  9:00  Widow Mine  
  52  9:23  Battlecruiser  
  58  9:32  Refinery  
  58  9:33  Command Center  
  58  9:41  Command Center  
  58  9:55  Battlecruiser  
  64  10:03  Refinery  
  64  10:05  Terran Vehicle And Ship Armor Level 1  
  42  10:47  Liberator  
  38  11:02  Battlecruiser  
  44  11:09  SCV x3  
  44  11:10  SCV  
  51  11:21  SCV  
  52  11:44  SCV x2  
  52  11:45  SCV x2  
  56  11:56  SCV x2  
  56  11:57  SCV x2  
  60  12:03  Terran Ship Weapons Level 2  
  60  12:04  Terran Vehicle And Ship Armor Level 2  
  60  12:16  Refinery  
  60  12:19  Hellion x2  
  64  12:37  Battlecruiser x2  
  76  12:40  Hellion  
  76  12:41  Hellion  
  80  12:51  SCV  
  80  12:52  SCV x3  
  84  13:02  Hellion x2  
  84  13:04  SCV x3  
  91  13:10  Hellion x6  
  91  13:11  Advanced Ballistics  
  91  13:23  Hellion x2  
Tags
 
League
GoldGold
Matchup
PvT
Spawn Locations
Cross Positions
Add a new tag
Caveats
  • Supply blocks, unpowered buildings, or Contaminate may cause inaccurate times.
  • Supply counts are checked every 10 seconds.